| TOP OF THE 1ST |
|
Cedar Rapids Kernels batting - Pitching for Burlington Bees : RHP Eddie Garabito
|
|
Pitching: RHP Eddie Garabito
|
|
|
Batting: LHB Brian Wagner
|
0-0: Ball 1-0: Fly out, F8 (Flyball, 8LM, EV 91.9 MPH)
|
|
Batting: RHB Kevin Harris
|
0-0: Called Strike 0-1: Called Strike 0-2: Foul Ball, location: 2F 0-2: Ball 1-2: Ball 2-2: Strikes out swinging
|
|
Batting: LHB Kuemon Shishido
|
0-0: Called Strike 0-1: Ground out 4-3 (Groundball, 4, EV 82.5 MPH)
|
| Top of the 1st over - 0 runs, 0 hits, 0 errors, 0 left on base; Cedar Rapids 0 - Burlington 0 |
| BOTTOM OF THE 1ST |
|
Burlington Bees batting - Pitching for Cedar Rapids Kernels : RHP Felix Perez
|
|
Pitching: RHP Felix Perez
|
|
|
Batting: RHB Nick Lombardo
|
0-0: Swinging Strike 0-1: Ball 1-1: Ground out 5-3 (Groundball, 56, EV 83.1 MPH)
|
|
Batting: RHB Khalil Thurston
|
0-0: Ball 1-0: Swinging Strike 1-1: Foul Ball, location: 2F 1-2: Ball 2-2: DOUBLE (Line Drive, 78D, EV 108.1 MPH)
|
|
Batting: LHB Dave Hicks
|
0-0: Called Strike 0-1: Ball 1-1: SINGLE (Groundball, 56D, EV 102.5 MPH) Khalil Thurston to third Runner from 3rd tries for Home, throw by LF and OUT! 7-2 Dave Hicks to second
|
|
Batting: RHB Kyler Seitz
|
0-0: Ball 1-0: Called Strike 1-1: SINGLE (Groundball, 4S, EV 70.0 MPH) (infield hit) Dave Hicks to third
|
|
Batting: RHB Peter Westover
|
0-0: Ball 1-0: Foul Ball, location: 2F 1-1: SINGLE (Flyball, 78S, EV 90.0 MPH) Dave Hicks scores Kyler Seitz to second
|
|
Batting: RHB Danny Bjarnson
|
0-0: Ball 1-0: Ball 2-0: Ball 3-0: Called Strike 3-1: Ground out U3 (Groundball, 3, EV 105.0 MPH)
|
| Bottom of the 1st over - 1 run, 4 hits, 0 errors, 2 left on base; Cedar Rapids 0 - Burlington 1 |
| TOP OF THE 2ND |
|
Cedar Rapids Kernels batting - Pitching for Burlington Bees : RHP Eddie Garabito
|
|
Batting: LHB Shaun Price
|
0-0: Ball 1-0: Foul Ball, location: 2F 1-1: Foul Ball, location: 2F 1-2: Ball 2-2: Fly out, F8 (Flyball, 78D, EV 88.8 MPH)
|
|
Batting: RHB Steve Raine
|
0-0: Called Strike 0-1: Foul Ball, location: 2F 0-2: Ball 1-2: Strikes out swinging
|
|
Batting: LHB Marvin Shepherd
|
0-0: Called Strike 0-1: Ball 1-1: Foul Ball, location: 2F 1-2: Ball 2-2: Foul Ball, location: 2F 2-2: Strikes out swinging
|
| Top of the 2nd over - 0 runs, 0 hits, 0 errors, 0 left on base; Cedar Rapids 0 - Burlington 1 |
| BOTTOM OF THE 2ND |
|
Burlington Bees batting - Pitching for Cedar Rapids Kernels : RHP Felix Perez
|
|
Batting: LHB Mutsuo IIda
|
0-0: Ball 1-0: Ball 2-0: Foul Ball, location: 2F 2-1: Foul Ball, location: 2F 2-2: Strikes out looking
|
|
Batting: RHB Dean LeCroy
|
0-0: Ball 1-0: Ball 2-0: Foul Ball, location: 2F 2-1: Called Strike 2-2: Foul Ball, location: 2F 2-2: Ball 3-2: Base on Balls
|
|
Batting: RHB Wilford Harper
|
0-0: Called Strike 0-1: Ball 1-1: Ball 2-1: Ball 3-1: Foul Ball, location: 2F 3-2: Fly out, F8 (Flyball, 78M, EV 90.6 MPH)
|
|
Batting: RHB Nick Lombardo
|
0-0: TRIPLE (Line Drive, 8RXD, EV 108.1 MPH) Dean LeCroy scores
|
|
Batting: RHB Khalil Thurston
|
0-0: Called Strike 0-1: Foul Ball, location: 2F 0-2: Ball 1-2: Strikes out swinging
|
| Bottom of the 2nd over - 1 run, 1 hit, 0 errors, 1 left on base; Cedar Rapids 0 - Burlington 2 |
| TOP OF THE 3RD |
|
Cedar Rapids Kernels batting - Pitching for Burlington Bees : RHP Eddie Garabito
|
|
Batting: LHB Hector Olvera
|
0-0: Called Strike 0-1: Ball 1-1: Ball 2-1: Called Strike 2-2: Foul Ball, location: 2F 2-2: Foul Ball, location: 2F 2-2: Ball 3-2: Foul Ball, location: 2F 3-2: Strikes out looking
|
|
Batting: RHB Dave Berry
|
0-0: Ball 1-0: Ground out 6-3 (Groundball, 6, EV 88.8 MPH)
|
|
Batting: RHB Antonio Santos
|
0-0: Ball 1-0: Ball 2-0: Ball 3-0: Base on Balls
|
|
Batting: LHB Brian Wagner
|
0-0: Ball 1-0: Ball 2-0: Called Strike 2-1: Ground out 4-3 (Groundball, 4D, EV 108.1 MPH)
|
| Top of the 3rd over - 0 runs, 0 hits, 0 errors, 1 left on base; Cedar Rapids 0 - Burlington 2 |
| BOTTOM OF THE 3RD |
|
Burlington Bees batting - Pitching for Cedar Rapids Kernels : RHP Felix Perez
|
|
Batting: LHB Dave Hicks
|
0-0: Called Strike 0-1: Ball 1-1: Called Strike 1-2: Ball 2-2: Ball 3-2: Fly out, F7 (Line Drive, 7LS, EV 100.0 MPH)
|
|
Batting: RHB Kyler Seitz
|
0-0: Called Strike 0-1: Foul Ball, location: 2F 0-2: SINGLE (Groundball, 6, EV 99.4 MPH)
|
|
Batting: RHB Peter Westover
|
0-0: Swinging Strike 0-1: Fly out, F8 (Flyball, 89D, EV 103.8 MPH)
|
|
Batting: RHB Danny Bjarnson
|
0-0: Swinging Strike 0-1: SINGLE (Line Drive, 9S, EV 103.8 MPH) Kyler Seitz to second
|
|
Batting: LHB Mutsuo IIda
|
0-0: Swinging Strike 0-1: Ball 1-1: Ball 2-1: Swinging Strike 2-2: Ball 3-2: Fly out, F7 (Flyball, 7D, EV 104.4 MPH)
|
| Bottom of the 3rd over - 0 runs, 2 hits, 0 errors, 2 left on base; Cedar Rapids 0 - Burlington 2 |
| TOP OF THE 4TH |
|
Cedar Rapids Kernels batting - Pitching for Burlington Bees : RHP Eddie Garabito
|
|
Batting: RHB Kevin Harris
|
0-0: Ball 1-0: Ground out 4-3 (Groundball, 4, EV 110.6 MPH)
|
|
Batting: LHB Kuemon Shishido
|
0-0: Ball 1-0: Foul Ball, location: 2F 1-1: Foul Ball, location: 2F 1-2: Ball 2-2: Strikes out swinging
|
|
Batting: LHB Shaun Price
|
0-0: Called Strike 0-1: Called Strike 0-2: Foul Ball, location: 2F 0-2: Ball 1-2: Foul Ball, location: 2F 1-2: Ball 2-2: Fly out, F7 (Line Drive, 7, EV 102.5 MPH)
|
| Top of the 4th over - 0 runs, 0 hits, 0 errors, 0 left on base; Cedar Rapids 0 - Burlington 2 |
| BOTTOM OF THE 4TH |
|
Burlington Bees batting - Pitching for Cedar Rapids Kernels : RHP Felix Perez
|
|
Batting: RHB Dean LeCroy
|
0-0: Swinging Strike 0-1: Ball 1-1: Foul Ball, location: 2F 1-2: Ball 2-2: Strikes out swinging
|
|
Batting: RHB Wilford Harper
|
0-0: Foul Ball, location: 2F 0-1: Fly out, F8 (Flyball, 89D, EV 108.1 MPH)
|
|
Batting: RHB Nick Lombardo
|
0-0: Ball 1-0: Ball 2-0: Swinging Strike 2-1: Ball 3-1: Swinging Strike 3-2: DOUBLE (Flyball, 8RXD, EV 98.1 MPH)
|
|
Batting: RHB Khalil Thurston
|
0-0: Swinging Strike 0-1: Ball 1-1: Called Strike 1-2: Foul Ball, location: 2F 1-2: Strikes out swinging
|
| Bottom of the 4th over - 0 runs, 1 hit, 0 errors, 1 left on base; Cedar Rapids 0 - Burlington 2 |
| TOP OF THE 5TH |
|
Cedar Rapids Kernels batting - Pitching for Burlington Bees : RHP Eddie Garabito
|
|
Batting: RHB Steve Raine
|
0-0: Swinging Strike 0-1: Ball 1-1: Swinging Strike 1-2: Foul Ball, location: 2F 1-2: Strikes out swinging
|
|
Batting: LHB Marvin Shepherd
|
0-0: Ball 1-0: Called Strike 1-1: Ball 2-1: Ball 3-1: Base on Balls
|
|
Batting: LHB Hector Olvera
|
0-0: Ball Marvin Shepherd is caught stealing 2nd base 2-6 1-0: Ground out U3 (Groundball, 3, EV 86.9 MPH)
|
| Top of the 5th over - 0 runs, 0 hits, 0 errors, 0 left on base; Cedar Rapids 0 - Burlington 2 |
| BOTTOM OF THE 5TH |
|
Burlington Bees batting - Pitching for Cedar Rapids Kernels : RHP Felix Perez
|
|
Batting: LHB Dave Hicks
|
0-0: Called Strike 0-1: Ball 1-1: Ball 2-1: Swinging Strike 2-2: Strikes out looking
|
|
Pitching: RHP Scot Abbott
|
|
|
Batting: RHB Kyler Seitz
|
0-0: Ball 1-0: Ball 2-0: Ball 3-0: Called Strike 3-1: Base on Balls
|
|
Batting: RHB Peter Westover
|
0-0: Ball 1-0: Called Strike 1-1: Ball 2-1: Fielders Choice at 2nd, 4-6 (Groundball, 4, EV 81.9 MPH)
|
|
Batting: RHB Danny Bjarnson
|
0-0: Ball 1-0: Swinging Strike 1-1: Fly out, F7 (Line Drive, 7, EV 86.9 MPH)
|
| Bottom of the 5th over - 0 runs, 0 hits, 0 errors, 1 left on base; Cedar Rapids 0 - Burlington 2 |
| TOP OF THE 6TH |
|
Cedar Rapids Kernels batting - Pitching for Burlington Bees : RHP Eddie Garabito
|
|
Batting: RHB Dave Berry
|
0-0: Ball 1-0: Ball 2-0: Ball 3-0: Called Strike 3-1: Swinging Strike 3-2: Foul Ball, location: 2F 3-2: Foul Ball, location: 2F 3-2: Foul Ball, location: 2F 3-2: Foul Ball, location: 2F 3-2: SINGLE (Flyball, 8RS, EV 92.5 MPH)
|
|
Batting: RHB Antonio Santos
|
0-0: Fielders Choice at 2nd, 5-4 (Groundball, 56, EV 98.1 MPH)
|
|
Batting: LHB Brian Wagner
|
0-0: Ball 1-0: Ball 2-0: Ball 3-0: Foul Ball, location: 2F 3-1: Fly out, F8 (Line Drive, 8LD, EV 90.6 MPH)
|
|
Batting: RHB Kevin Harris
|
0-0: Called Strike 0-1: Foul Ball, location: 2F 0-2: Strikes out swinging
|
| Top of the 6th over - 0 runs, 1 hit, 0 errors, 1 left on base; Cedar Rapids 0 - Burlington 2 |
| BOTTOM OF THE 6TH |
|
Burlington Bees batting - Pitching for Cedar Rapids Kernels : RHP Scot Abbott
|
|
Batting: LHB Mutsuo IIda
|
0-0: Ball 1-0: Foul Ball, location: 2F 1-1: Ball 2-1: Swinging Strike 2-2: Strikes out swinging
|
|
Batting: RHB Dean LeCroy
|
0-0: Ball 1-0: Ball 2-0: Ball 3-0: Base on Balls
|
|
Batting: RHB Wilford Harper
|
0-0: Foul Ball, location: 2F 0-1: Ball Dean LeCroy steals 2nd base 1-1: Ball 2-1: Foul Ball, location: 2F 2-2: Strikes out swinging
|
|
Batting: RHB Nick Lombardo
|
0-0: Called Strike 0-1: Foul Ball, location: 2F 0-2: Foul Ball, location: 2F 0-2: Foul Ball, location: 2F 0-2: Ball 1-2: SINGLE (Groundball, 34D, EV 95.6 MPH) Dean LeCroy to third Runner from 3rd tries for Home, throw by RF and OUT! 9-2
|
| Bottom of the 6th over - 0 runs, 1 hit, 0 errors, 1 left on base; Cedar Rapids 0 - Burlington 2 |
| TOP OF THE 7TH |
|
Cedar Rapids Kernels batting - Pitching for Burlington Bees : RHP Eddie Garabito
|
|
Batting: LHB Kuemon Shishido
|
0-0: Ball 1-0: Ball 2-0: Ball 3-0: Base on Balls
|
|
Pitching: RHP Devin Spears
|
|
|
Batting: LHB Shaun Price
|
0-0: Ball 1-0: Ball 2-0: Called Strike 2-1: Ball 3-1: Base on Balls Kuemon Shishido to second
|
|
Batting: RHB Steve Raine
|
0-0: Grounds into double play, 5-4-3 (Groundball, 56, EV 79.4 MPH) Kuemon Shishido to third
|
|
Batting: LHB Marvin Shepherd
|
0-0: Ball 1-0: Ball 2-0: Ball 3-0: Called Strike 3-1: Foul Ball, location: 2F 3-2: Base on Balls
|
|
Batting: LHB Hector Olvera
|
0-0: Swinging Strike 0-1: Fly out, F7 (Flyball, 7D, EV 90.0 MPH)
|
| Top of the 7th over - 0 runs, 0 hits, 0 errors, 2 left on base; Cedar Rapids 0 - Burlington 2 |
| BOTTOM OF THE 7TH |
|
Burlington Bees batting - Pitching for Cedar Rapids Kernels : RHP Scot Abbott
|
|
Pitching: RHP Bruce Wight
|
|
|
Batting: RHB Khalil Thurston
|
0-0: Ball 1-0: Ball 2-0: Foul Ball, location: 2F 2-1: DOUBLE (Flyball, 8RXD, EV 100.6 MPH)
|
|
Batting: LHB Dave Hicks
|
0-0: Foul Ball, location: 2F 0-1: Ball 1-1: Called Strike 1-2: DOUBLE (Line Drive, 89D, EV 91.9 MPH) Khalil Thurston scores
|
|
Batting: RHB Kyler Seitz
|
0-0: Ball 1-0: Called Strike 1-1: Ball 2-1: DOUBLE (Groundball, 5L, EV 110.6 MPH) Dave Hicks scores
|
|
Batting: RHB Peter Westover
|
0-0: Called Strike 0-1: Ball 1-1: Foul Ball, location: 2F 1-2: Ground out 4-3 (Groundball, 4, EV 109.4 MPH) Kyler Seitz to third
|
|
Batting: RHB Danny Bjarnson
|
0-0: Ground out U3 (Groundball, 3S, EV 76.9 MPH)
|
|
Batting: LHB Mutsuo IIda
|
0-0: Called Strike 0-1: Ball 1-1: Swinging Strike 1-2: Strikes out swinging
|
| Bottom of the 7th over - 2 runs, 3 hits, 0 errors, 1 left on base; Cedar Rapids 0 - Burlington 4 |
| TOP OF THE 8TH |
|
Cedar Rapids Kernels batting - Pitching for Burlington Bees : RHP Devin Spears
|
|
Batting: RHB Dave Berry
|
0-0: Ball 1-0: Swinging Strike 1-1: Ball 2-1: Ball 3-1: Fly out, F7 (Flyball, 7D, EV 101.9 MPH)
|
|
Batting: RHB Antonio Santos
|
0-0: Ball 1-0: Ground out U3 (Groundball, 13, EV 81.2 MPH)
|
|
Batting: LHB Brian Wagner
|
0-0: Swinging Strike 0-1: Ball 1-1: Swinging Strike 1-2: Ball 2-2: Foul Ball, location: 2F 2-2: Ball 3-2: Foul Ball, location: 2F 3-2: Ground out 1-3 (Groundball, 34S, EV 63.1 MPH)
|
| Top of the 8th over - 0 runs, 0 hits, 0 errors, 0 left on base; Cedar Rapids 0 - Burlington 4 |
| BOTTOM OF THE 8TH |
|
Burlington Bees batting - Pitching for Cedar Rapids Kernels : RHP Bruce Wight
|
|
Batting: RHB Dean LeCroy
|
0-0: Called Strike 0-1: Hit by Pitch
|
|
Batting: RHB Wilford Harper
|
0-0: Fly out, F8 (Line Drive, 8LD, EV 93.1 MPH)
|
|
Batting: RHB Nick Lombardo
|
0-0: Ball 1-0: Ball 2-0: Fly out, F8 (Flyball, 89S, EV 75.6 MPH)
|
|
Batting: RHB Khalil Thurston
|
0-0: Ball 1-0: Ball Dean LeCroy steals 2nd base 2-0: Called Strike 2-1: Swinging Strike 2-2: Strikes out swinging
|
| Bottom of the 8th over - 0 runs, 0 hits, 0 errors, 1 left on base; Cedar Rapids 0 - Burlington 4 |
| TOP OF THE 9TH |
|
Cedar Rapids Kernels batting - Pitching for Burlington Bees : RHP Devin Spears
|
|
Pitching: RHP Tim Mumpower
|
|
|
Batting: RHB Kevin Harris
|
0-0: Ball 1-0: Ball 2-0: Ball 3-0: Called Strike 3-1: Base on Balls
|
|
Batting: LHB Kuemon Shishido
|
0-0: Called Strike 0-1: Foul Ball, location: 2F 0-2: Strikes out looking
|
|
Batting: LHB Shaun Price
|
0-0: Called Strike 0-1: Foul Ball, location: 2F 0-2: Ball 1-2: SINGLE (Groundball, 34D, EV 95.6 MPH) Kevin Harris to second
|
|
Batting: RHB Steve Raine
|
0-0: Ball 1-0: Called Strike 1-1: Foul Ball, location: 2F 1-2: Ball 2-2: Fly out, F8 (Flyball, 78S, EV 90.6 MPH)
|
|
Batting: LHB Marvin Shepherd
|
0-0: Ball 1-0: Ball 2-0: Ball 3-0: Called Strike 3-1: Base on Balls Kevin Harris to third Shaun Price to second
|
|
Batting: LHB Hector Olvera
|
0-0: Called Strike 0-1: Foul Ball, location: 2F 0-2: Strikes out swinging
|
| Top of the 9th over - 0 runs, 1 hit, 0 errors, 3 left on base; Cedar Rapids 0 - Burlington 4 |
|